 Dungeon Crawl Stone Soup version 0.23.2-1-ga50397a6bc (webtiles) character file.

Game seed: 14692875977855484241

1313 Mrkan the Basher (level 8, 0/53 HPs)
             Began as a Gargoyle Fighter on May 18, 2019.
             Was a Believer of Ashenzari.
             Slain by Jukra's ghost (3 damage)
             ... on level 6 of the Dungeon.
             The game lasted 00:08:05 (4272 turns).

Mrkan the Basher (Gargoyle Fighter)                 Turns: 4272, Time: 00:08:05

Health: 0/53       AC: 15    Str: 28    XL:     8   Next: 58%
Magic:  8/8        EV:  7    Int:  8    God:    Ashenzari [**....]
Gold:   311        SH: 10    Dex:  9    Spells: 7/7 levels left

rFire    + + +     SeeInvis .   a - +0 flail
rCold    x . .     Gourm    .   c - +0 shield
rNeg     + . .     Faith    .   b - +0 scale mail
rPois    ∞         Spirit   .   x - +2 helmet "Hero's Friend" {rPois rF+++ rC- rCorr} (curse)
rElec    +         Reflect  .   (no cloak)
rCorr    +         Harm     .   (no gloves)
MR       .....                  (no boots)
Stlth    ..........             D - amulet of rage (curse)
HPRegen  0.17/turn              (no ring)
MPRegen  0.11/turn              (no ring)

@: mighty
A: negative energy resistance 1, electricity resistance, unbreathing,
petrification resistance, rot immunity, AC +5
a: Curse Item, Scrying, Renounce Religion, Evoke Berserk Rage


You were on level 6 of the Dungeon.
You worshipped Ashenzari.
Ashenzari was pleased with you.
You were not hungry.

You visited 1 branch of the dungeon, and saw 6 of its levels.

You collected 311 gold pieces.

Inventory:

Hand Weapons
 a - a +0 flail (weapon)
Armour
 b - a +0 scale mail (worn)
 c - a +0 shield (worn)
 x - the cursed +2 helmet "Hero's Friend" (worn) {rPois rF+++ rC- rCorr}
   (You found it on level 4 of the Dungeon)

   It renders you almost immune to fire.
   It makes you vulnerable to cold.
   It protects you from poison.
   It provides partial protection from all sources of acid and corrosion.
   It has a curse placed upon it.
 E - a scarf of cloud immunity
Jewellery
 q - an uncursed amulet of harm
 u - an uncursed ring of fire
 y - an uncursed ring of stealth
 D - a cursed amulet of rage (around neck)
Wands
 F - a wand of digging (5)
Scrolls
 i - 3 scrolls of amnesia {unknown}
 k - 7 scrolls of identify
 m - a scroll of remove curse
 r - 2 scrolls of enchant armour {unknown}
 t - 4 scrolls of teleportation {unknown}
 v - 2 scrolls of immolation {unknown}
 z - a scroll of fog {unknown}
 B - a scroll of fear {unknown}
 C - 2 scrolls of noise {unknown}
Potions
 d - a potion of might
 e - 3 potions of haste
 g - a potion of flight {unknown}
 h - 2 potions of curing {unknown}
 j - 2 potions of brilliance {unknown}
 l - 2 potions of ambrosia {unknown}
 n - a potion of resistance {unknown}
 o - 4 potions of heal wounds {unknown}
 p - a potion of degeneration {unknown}
 s - a potion of mutation {unknown}
 w - 3 potions of berserk rage {unknown}
 A - a potion of lignification {unknown}
Comestibles
 f - 15 rations


   Skills:
 + Level 7.2 Fighting
 * Level 8.5 Maces & Flails
 - Level 3.2 Armour
 - Level 3.2 Shields


You had 7 spell levels left.
You didn't know any spells.
Your spell library contained the following spells:

 Spells                   Type           Power        Failure   Level  Hunger
 Flame Tongue             Conj/Fire      #....        99%         1    ##.....
 Throw Flame              Conj/Fire      #.....       100%        2    ###....
 Conjure Flame            Conj/Fire      #.......     100%        3    ####...
 Inner Flame              Hex/Fire       #.......     100%        3    ####...
 Sticky Flame             Conj/Fire      #.......     100%        4    #####..
 Fireball                 Conj/Fire      #.........   100%        5    ######.


Dungeon Overview and Level Annotations

Branches:
Dungeon (6/15)
 Temple: D:4-7

Altars:
Ashenzari
Cheibriados
Hepliaklqana
Qazlal
Ru
Uskayaw
Wu Jian
Yredelemnul
Zin

Shops:
D:6 =

Annotations:
D:4 3 runed translucent doors, FluffierThanThou's ghost, novice MiFi
D:6 Jukra's ghost, novice MiBe


Innate Abilities, Weirdness & Mutations

You are resistant to torment.
Your stone body is resilient. (AC +5)
You are immune to poison.
You resist negative energy. (rN+)
You are resistant to electric shocks. (rElec)
You can survive without breathing.
You are immune to petrification.
You are immune to rotting.


Message History

Wield which item (- for none, * to show all)? (? for menu, Esc to quit)
Okay, then.
You feel very mighty all of a sudden. You block Jukra's ghost's attack.
You closely miss Jukra's ghost.
Jukra's ghost is moderately damaged.
You block Jukra's ghost's attack.
You hit Jukra's ghost.
Jukra's ghost is moderately damaged.
Jukra's ghost hits you but does no damage.
You hit Jukra's ghost but do no damage.
Jukra's ghost is moderately damaged.
Jukra's ghost hits you but does no damage.
You barely miss Jukra's ghost.
Jukra's ghost is moderately damaged.
You closely miss Jukra's ghost.
Jukra's ghost is moderately damaged.
Jukra's ghost hits you!
* * * LOW HITPOINT WARNING * * *
You die...

#..##.......8.......8...#
##.##...................####
##..#.#######..............#
.##.#.# #...........##.#
.##.#.# #..............#
.##.#.# #...........####
.##...# #...........#
####..# #...........#
####..# #...@.......#
.....># ####W########
####### #.≈.# #.≈.# #.≈.#
#.≈.# #.?.# #####


You could see Jukra's ghost.

Vanquished Creatures
  Menkaure (D:6)
  A phantom (D:5)
  A centaur (D:5)
  3 scorpions (D:4)
  A howler monkey (D:5)
  A bullfrog zombie (D:5)
  A centaur zombie (D:6)
  2 jellies (D:5)
  2 orc priests
  4 hounds
  3 iguanas
  3 orc wizards (D:6)
  6 worker ants
  8 adders
  A shadow imp (D:5)
  3 oozes
  3 worms
  3 dart slugs
  4 leopard geckos
  23 orcs
  4 giant cockroaches
  10 goblins
  2 hobgoblins
  15 jackals
  7 kobolds
  4 quokkas
  7 bats
  10 frilled lizards
  11 rats
144 creatures vanquished.

Vanquished Creatures (others)
  A fungus (D:4)
  2 plants (D:4)
3 creatures vanquished.

Grand Total: 147 creatures vanquished

Notes
Turn   | Place    | Note
-------+----------+-------------------------------------------
     0 | D:1      | Mrkan the Gargoyle Fighter began the quest for the Orb.
     0 | D:1      | Reached XP level 1. HP: 14/14 MP: 1/1
    70 | D:1      | Reached XP level 2. HP: 13/19 MP: 2/2
   311 | D:1      | Reached skill level 3 in Maces & Flails
   396 | D:1      | Reached XP level 3. HP: 24/24 MP: 3/3
   634 | D:2      | Found a shattered altar of Ashenzari.
   638 | D:2      | Became a worshipper of Ashenzari the Shackled
   946 | D:2      | Found a faded altar of an unknown god.
  1109 | D:2      | Reached XP level 4. HP: 29/29 MP: 4/4
  1197 | D:2      | Reached skill level 4 in Maces & Flails
  1253 | D:2      | Found a stormy altar of Qazlal.
  1464 | D:3      | Reached XP level 5. HP: 34/34 MP: 5/5
  1742 | D:3      | Found a hazy altar of Hepliaklqana.
  2164 | D:4      | Reached skill level 5 in Maces & Flails
  2164 | D:4      | Reached XP level 6. HP: 40/40 MP: 6/6
  2175 | D:4      | Reached skill level 5 in Fighting
  2196 | D:4      | Found a basalt altar of Yredelemnul.
  2337 | D:4      | Reached * piety under Ashenzari
  2342 | D:4      | Got the uncursed helmet "Hero's Friend" {rPois rF+++ rC-
                  | rCorr}
  2355 | D:4      | Identified the +2 helmet "Hero's Friend" {rPois rF+++ rC-
                  | rCorr} (You found it on level 4 of the Dungeon)
  2410 | D:4      | Reached skill level 6 in Maces & Flails
  2423 | D:4      | Reached XP level 7. HP: 44/44 MP: 7/7
  2424 | D:4      | Found a runed translucent gate.
  2424 | D:4      | Found a runed translucent gate.
  2425 | D:4      | Noticed FluffierThanThou's ghost (novice MiFi)
  2557 | D:4      | Found a runed translucent gate.
  2659 | D:5      | Entered Level 5 of the Dungeon
  2835 | D:5      | Reached skill level 7 in Maces & Flails
  3048 | D:5      | Reached XP level 8. HP: 35/52 MP: 8/8
  3487 | D:6      | Found Ditsixoj's Jewellery Emporium.
  3579 | D:6      | Found a snail-covered altar of Cheibriados.
  3587 | D:6      | Found an ornate altar of the Wu Jian Council.
  3681 | D:6      | Found a hide-covered altar of Uskayaw.
  3717 | D:6      | Found a runed translucent door.
  3728 | D:6      | Noticed Jukra's ghost (novice MiBe)
  3774 | D:6      | Reached skill level 8 in Maces & Flails
  3825 | D:6      | Reached ** piety under Ashenzari
  3878 | D:6      | Found a sacrificial altar of Ru.
  3881 | D:6      | Found a glowing silver altar of Zin.
  3901 | D:6      | Noticed Menkaure
  3918 | D:6      | Killed Menkaure
  4272 | D:6      | Slain by Jukra's ghost

Skill      XL: |  1  2  3  4  5  6  7  8 |
---------------+-------------------------+-----
Maces & Flails | 3 4 5 6 7 8 |  8.5
Fighting       | 4 5 6 7 |  7.2
Armour         | |  3.2
Shields        | |  3.2

Action                   |  1- 3 |  4- 6 |  7- 9 || total
-------------------------+-------+-------+-------++-------
Melee: Flail             |   134 |   212 |   292 ||   638
Invok: Curse Item        |       |       |     2 ||     2
  Use: Scroll            |       |     1 |       ||     1
       Potion            |       |       |     1 ||     1
  Eat: Chunk             |       |     6 |     6 ||    12
Armor: Scale mail        |    97 |    97 |   249 ||   443
Dodge: Dodged            |    51 |    63 |   123 ||   237
Block: Shield            |    84 |   104 |   204 ||   392
